 Dungeon Crawl Stone Soup version 0.30.0 (webtiles) character file.

Game seed: 12439830307146993004

39 BogsyCalzone the Shooter (level 3, -1/22 HPs)
             Began as a Kobold Hunter on Oct 15, 2023.
             Killed from afar by an orc wizard (5 damage)
             ... with a magic dart
             ... on level 3 of the Dungeon on Oct 16, 2023.
             The game lasted 00:03:13 (1580 turns).

BogsyCalzone the Shooter (Kobold Hunter)            Turns: 1580, Time: 00:03:15

Health: -1/22      AC:  3    Str: 14    XL:     3   Next: 70%
Magic:  3/3        EV: 15    Int: 10    God:
Gold:   125        SH:  0    Dex: 20    Spells: 2/2 levels left

rFire   . . .        b - +0 shortbow
rCold   . . .        (shield currently unavailable)
rNeg    . . .        c - +0 leather armour
rPois   .            (no helmet)
rElec   +            (no cloak)
rCorr   .            (no gloves)
SInv    +            (no boots)
Will    .....        (no amulet)
Stlth   +++          l - +6 ring of strength
HPRegen 0.23/turn    m - ring of Juotz {rElec SInv}
MPRegen 0.08/turn

%: no passive effects
@: no status effects
A: small, no large weapons, nightstalker 3
a: no special abilities


You were on level 3 of the Dungeon.
You visited 1 branch of the dungeon, and saw 3 of its levels.

You collected 125 gold pieces.

Inventory:

Hand Weapons
 a - a +2 short sword of draining
 b - a +0 shortbow (weapon)
Armour
 c - a +0 leather armour (worn)
Jewellery
 l - a +6 ring of strength (left hand)
 m - the ring of Juotz (right hand) {rElec SInv}
   (You found it on level 2 of the Dungeon)

   [ring of see invisible]

   rElec:     It insulates you from electricity.
   SInv:      It lets you see invisible.
Scrolls
 e - a scroll of teleportation {unknown}
 f - 2 scrolls of identify {unknown}
 h - 2 scrolls of noise {unknown}
 i - a scroll of enchant armour {unknown}
 j - a scroll of fear {unknown}
 o - a scroll of immolation
 r - a scroll of vulnerability {unknown}
Potions
 d - a potion of heal wounds {unknown}
 g - a potion of haste {unknown}
 k - a potion of magic {unknown}
 n - 2 potions of lignification {unknown}
 p - 2 potions of curing {unknown}
 q - a potion of ambrosia {unknown}


   Skills:
 + Level 2.9 Fighting
 + Level 5.8 Ranged Weapons
 - Level 2.6 Dodging
 + Level 2.8 Stealth


You had 2 spell levels left.
You didn't know any spells.
Your spell library was empty.

Dungeon Overview and Level Annotations

Branches:
Dungeon (3/15)

Altars:


Innate Abilities, Weirdness & Mutations

You are small and have problems with some larger weapons.
You are completely attuned to the shadows.


Message History

Unknown command.
Fire: b) +0 shortbow
Press: ? - help, Shift-Dir - straight line, f/p - orc wizard
Aim: an orc wizard, wielding a +0 dagger and wearing a +0 robe (heavily wounded, 59% to hit)
You shoot an arrow.
The arrow hits the orc wizard but does no damage.
The orc wizard is heavily wounded.
The orc wizard closely misses you. The orc hits you with a +0 club.
An orc comes into view. It is wielding a +0 hand axe.
The orc wizard points at you and mumbles some strange words.
You are confused.
The orc hits you with a +0 club.
Unknown command.
Non-targeted confused fire: b) +0 shortbow
Press: ? - help, Dir - look around, f - activate You shoot an arrow.
The arrow misses the orc.
You hear an angry hiss.
An adder comes into view.
The orc wizard hits you with a +0 dagger.
The orc hits you with a +0 whip.
Unknown command.
Non-targeted confused fire: b) +0 shortbow
Press: ? - help, Dir - look around, f - activate You shoot an arrow.
The arrow closely misses the orc.
The orc wizard closely misses you. The orc barely misses you.
The orc closely misses you.
Unknown command.
Non-targeted confused fire: b) +0 shortbow
Press: ? - help, Dir - look around, f - activate You shoot an arrow.
The orc wizard closely misses you. The orc hits you with a +0 whip.
* * * LOW HITPOINT WARNING * * *
Unknown command.
Non-targeted confused fire: b) +0 shortbow
Press: ? - help, Dir - look around, f - activate You shoot an arrow.
You feel less confused.
The orc wizard points at you and mumbles some strange words.
The magic dart hits you.
You die...

..> ####...
#.oS..#
#ooo..#
########.@##.
#.............
#####.........
###.......
#.......
##......
##......
#....>..
#.#.....


You could see an orc wizard, an adder and 3 orcs.

Vanquished Creatures
  A dart slug (D:1)
  4 ball pythons
  3 endoplasms
  A giant cockroach (D:2)
  A goblin (D:2)
  6 hobgoblins
  5 kobolds
  5 bats
  3 frilled lizards
  7 rats
36 creatures vanquished.

Notes
Turn   | Place    | Note
-------+----------+-------------------------------------------
     0 | D:1      | BogsyCalzone the Kobold Hunter began the quest for the Orb.
     0 | D:1      | Reached XP level 1. HP: 12/12 MP: 1/1
   313 | D:1      | Reached XP level 2. HP: 18/18 MP: 2/2
   655 | D:1      | Reached XP level 3. HP: 22/22 MP: 3/3
   798 | D:2      | Identified the ring of Juotz {rElec SInv}
  1580 | D:3      | Killed from afar by an orc wizard

Illustrated notes

Levels and vault maps discovered:
D:1:      minmay_arrival_radiant_lines, layout_basic
D:2:      layout_loops_ring, grunt_ministairs_7, kennysheep_minor_cross
D:3:      layout_rooms, elyvilon_altar_3, serial_shops, nicolae_shop_scrapyard,
          serial_curves, eino_curves_04, eino_curves_03, hangedman_glass_teeth

Skill      XL: |  1  2 |
---------------+-------+-----
Stealth        | 2 |  2.8
Fighting       | |  2.9
Ranged Weapons | |  5.8
Dodging        | |  2.6

Action                     || total
---------------------------++-------
   Fire: Shortbow          ||    88
 Armour: Leather armour    ||     6
  Dodge: Dodged            ||    31
